[Event "2nd German Women BLS 2024-25"]
[Site "Germany"]
[Date "2025.01.25"]
[Round "3.1"]
[White "Hrebenshchykova, Yelyzaveta"]
[Black "Schmidt, Jessica"]
[Result "1-0"]
[Annotator "TA"]
[ECO "C92"]
[WhiteElo "2280"]
[BlackElo "2210"]
[PlyCount "53"]
[EventDate "2025.01.22"]
[EventType "team-tourn"]
[EventCountry "GER"]
[SourceTitle "playchess.com"]
[Source "ChessBase"]
[SourceQuality "1"]
[WhiteTeam "SC NT Nürnberg"]
[BlackTeam "Karlsruher SF"]
[TimeControl "40/5400+30:1800+30"]

1. e4 e5 2. Nf3 Nc6 3. Bb5 a6 4. Ba4 Nf6 5. O-O b5 6. Bb3 Be7 7. d4 d6 8. c3 O-O 9. h3 Bb7 10. Re1 Rc8 {[%emt 0:10:39] C92: Closed Ruy Lopez: 9...Be6, Karpov and Flohr-Zaitsev Variations.} 11. a4 exd4 12. axb5 axb5 {[%emt 0:00:30] White is slightly better.} 13. cxd4 (13. Nxd4 Nxd4 14. cxd4 Bxe4 $15 (14... Nxe4 15. Ra7 $11)) 13... Nb4 14. d5 $146 (14. Nc3 c5 15. dxc5 dxc5 16. e5 Nfd5 17. Nxb5 c4 18. Ba4 {½-½ Ariel,D (2270)-Meeres,M (2290) World op 23rd 1995 (2)}) 14... c5 15. dxc6 Nxc6 16. Nc3 {White is much more active.} Na5 17. Bd5 Bxd5 (17... b4 $14 18. Bxb7 Nxb7) 18. Nxd5 (18. exd5 $16 b4 19. Na2) 18... Nxd5 $14 19. Qxd5 Rc5 20. Qd1 {[%emt 0:05:52] [#] b4 would now be deadly.} Nc4 21. b3 Ne5 22. Nd4 b4 {[%emt 0:01:20] Dodges Ba3} 23. Nf5 Re8 24. Be3 Rb5 25. Ra6 d5 26. Qe2 Ra5 {[%emt 0:01:34] [#]} (26... Rb8) 27. Bb6 {[%emt 0:00:49] Weighted Error Value: White=0.07 (flawless) /Black=0.56  Mistake:       	White=1     	Black=2      Inaccurate:     	---       	Black=3      OK:         	White=8     	Black=5      Best:        	White=2     	---} 1-0

[Event "2nd German Women BLS 2024-25"]
[Site "Germany"]
[Date "2025.01.25"]
[Round "3.2"]
[White "Doll, Rebecca"]
[Black "Birkholz, Olga"]
[Result "1/2-1/2"]
[Annotator "NA RC"]
[ECO "B92"]
[WhiteElo "1987"]
[BlackElo "2018"]
[PlyCount "66"]
[EventDate "2025.01.22"]
[EventType "team-tourn"]
[EventCountry "GER"]
[SourceTitle "playchess.com"]
[Source "ChessBase"]
[SourceQuality "1"]
[WhiteTeam "Karlsruher SF"]
[BlackTeam "SC NT Nürnberg"]
[TimeControl "40/5400+30:1800+30"]

1. e4 c5 2. Nf3 d6 3. d4 cxd4 4. Nxd4 Nf6 5. Nc3 a6 6. Be2 e5 7. Nf3 Be7 8. Bg5 Be6 9. Bxf6 Bxf6 10. Nd5 Nc6 11. O-O Bxd5 12. Qxd5 O-O 13. c3 Qb6 14. Qb3 Qc7 15. Rfd1 Rad8 16. a4 g6 17. Nd2 Bg5 18. Nc4 Kg7 19. a5 f5 20. exf5 Rxf5 21. Bf3 e4 22. Bg4 Rb5 23. Qc2 d5 24. Na3 Rc5 25. Qe2 Ne5 26. Nc2 Nxg4 27. Qxg4 Bf6 28. Nd4 Bxd4 29. Rxd4 Rxa5 30. Rad1 Rc5 31. Qg5 h6 32. Qe3 b5 33. h3 Rc4 1/2-1/2

[Event "2nd German Women BLS 2024-25"]
[Site "Germany"]
[Date "2025.01.25"]
[Round "3.3"]
[White "Albayrak, Nese Pinar"]
[Black "Haug, Mara"]
[Result "0-1"]
[Annotator "NA RC"]
[ECO "B34"]
[WhiteElo "1871"]
[BlackElo "1948"]
[PlyCount "62"]
[EventDate "2025.01.22"]
[EventType "team-tourn"]
[EventCountry "GER"]
[SourceTitle "playchess.com"]
[Source "ChessBase"]
[SourceQuality "1"]
[WhiteTeam "SC NT Nürnberg"]
[BlackTeam "Karlsruher SF"]
[TimeControl "40/5400+30:1800+30"]

1. e4 c5 2. Nf3 Nc6 3. d4 cxd4 4. Nxd4 g6 5. Nc3 Bg7 6. Be3 Nf6 7. Nb3 O-O 8. Qd2 a6 9. f3 b5 10. O-O-O Ne5 11. Nd5 Nxd5 12. Qxd5 Rb8 13. h4 d6 14. h5 Be6 15. Qd2 Nc4 16. Bxc4 bxc4 17. Nd4 Qb6 18. c3 Qa5 19. Nc6 Qxa2 20. Nxb8 Rxb8 21. Qc2 Rb3 22. Bd2 d5 23. Qb1 Qa4 24. hxg6 fxg6 25. g4 d4 26. Bh6 Bxh6+ 27. Rxh6 dxc3 28. e5 cxb2+ 29. Kd2 Rd3+ 30. Ke2 Qxd1+ 31. Qxd1 Rxd1 0-1

[Event "2nd German Women BLS 2024-25"]
[Site "Germany"]
[Date "2025.01.25"]
[Round "3.4"]
[White "Scheynin, Julia"]
[Black "Albayrak, Berrak"]
[Result "0-1"]
[Annotator "NA RC"]
[ECO "A00"]
[WhiteElo "1965"]
[BlackElo "1843"]
[PlyCount "56"]
[EventDate "2025.01.22"]
[EventType "team-tourn"]
[EventCountry "GER"]
[SourceTitle "playchess.com"]
[Source "ChessBase"]
[SourceQuality "1"]
[WhiteTeam "Karlsruher SF"]
[BlackTeam "SC NT Nürnberg"]
[TimeControl "40/5400+30:1800+30"]

1. e4 d6 2. d3 g6 3. g3 Bg7 4. Bg2 e5 5. Ne2 Ne7 6. O-O O-O 7. c3 c6 8. Qc2 Be6 9. f4 f5 10. fxe5 dxe5 11. Be3 Nd7 12. Nd2 Nf6 13. Kh1 Ng4 14. Bg1 Nc8 15. h3 Nf6 16. Nb3 Nd6 17. Nc5 Bf7 18. b4 b6 19. Nb3 fxe4 20. dxe4 Qc8 21. Rad1 Ndxe4 22. Kh2 Ng5 23. Be3 Ne6 24. Rd6 Nd5 25. Bxd5 cxd5 26. Rxd5 Ng5 27. Rdd1 Qxh3+ 28. Kg1 Bd5 0-1

[Event "2nd German Women BLS 2024-25"]
[Site "Germany"]
[Date "2025.01.25"]
[Round "3.5"]
[White "Braeuer, Vanessa"]
[Black "Basovskiy, Jana"]
[Result "1-0"]
[Annotator "NA RC"]
[ECO "E30"]
[WhiteElo "1935"]
[BlackElo "1910"]
[PlyCount "69"]
[EventDate "2025.01.22"]
[EventType "team-tourn"]
[EventCountry "GER"]
[SourceTitle "playchess.com"]
[Source "ChessBase"]
[SourceQuality "1"]
[WhiteTeam "SC NT Nürnberg"]
[BlackTeam "Karlsruher SF"]
[TimeControl "40/5400+30:1800+30"]

1. Nf3 Nf6 2. c4 Nc6 3. d4 e6 4. Nc3 Bb4 5. Bg5 h6 6. Bxf6 Qxf6 7. e4 e5 8. d5 Nd4 9. Be2 O-O 10. O-O Nxf3+ 11. Bxf3 Bc5 12. Nb5 c6 13. Nc3 d6 14. a3 Qg5 15. b4 Bd4 16. Rc1 a5 17. Ne2 Bb2 18. Rb1 Bxa3 19. Qa4 Bxb4 20. Rxb4 axb4 21. Qxa8 Bg4 22. Qxb7 Bxf3 23. Ng3 Bg4 24. dxc6 h5 25. Qxb4 h4 26. f3 Be6 27. Nf5 Ra8 28. Kh1 h3 29. g3 Bxc4 30. f4 exf4 31. Qxc4 fxg3 32. Nxg3 Qd2 33. Qxf7+ Kh7 34. Qh5+ Kg8 35. Qd5+ 1-0

[Event "2nd German Women BLS 2024-25"]
[Site "Germany"]
[Date "2025.01.25"]
[Round "3.6"]
[White "Grining, Maria"]
[Black "Albayrak, Aylin"]
[Result "0-1"]
[Annotator "NA RC"]
[ECO "A48"]
[WhiteElo "1873"]
[BlackElo "1750"]
[PlyCount "70"]
[EventDate "2025.01.22"]
[EventType "team-tourn"]
[EventCountry "GER"]
[SourceTitle "playchess.com"]
[Source "ChessBase"]
[SourceQuality "1"]
[WhiteTeam "Karlsruher SF"]
[BlackTeam "SC NT Nürnberg"]
[TimeControl "40/5400+30:1800+30"]

1. d4 Nf6 2. Nf3 g6 3. e3 Bg7 4. Bd3 O-O 5. b3 Nc6 6. Bb2 d6 7. a3 a6 8. O-O Qe8 9. e4 e5 10. d5 Ne7 11. c4 Nh5 12. b4 f5 13. c5 Nf4 14. Bc2 h5 15. Nbd2 Bh6 16. Nc4 fxe4 17. Bxe4 Bf5 18. Bxf5 gxf5 19. g3 Qg6 20. Nh4 Qf6 21. Kh1 Rad8 22. cxd6 cxd6 23. Ne3 Kh7 24. Rc1 Rd7 25. Nf3 Nh3 26. Qe2 f4 27. Qc2+ Ng6 28. gxf4 Qxf4 29. Nh4 Qxh4 30. Qc4 Nxf2+ 31. Rxf2 Qxf2 32. Rf1 Qxe3 33. Rxf8 Nxf8 34. Qc2+ e4 35. Qd1 Qf3+ 0-1

[Event "2nd German Women BLS 2024-25"]
[Site "Germany"]
[Date "2025.01.25"]
[Round "3.7"]
[White "Arnhold, Steffi"]
[Black "Groeschel, Karoline"]
[Result "1-0"]
[Annotator "RC"]
[ECO "B95"]
[WhiteElo "2152"]
[BlackElo "1985"]
[PlyCount "61"]
[EventDate "2025.01.22"]
[EventType "team-tourn"]
[EventCountry "GER"]
[SourceTitle "playchess.com"]
[Source "ChessBase"]
[SourceQuality "1"]
[WhiteTeam "Bavaria Regensburg 1881"]
[BlackTeam "1980 Gernsheim"]
[TimeControl "40/5400+30:1800+30"]

1. e4 c5 2. Nf3 e6 3. d4 cxd4 4. Nxd4 a6 5. Be2 Nf6 6. Nc3 Qc7 7. Qd3 d6 8. Bg5 Be7 9. f4 b5 10. Bf3 Bb7 11. O-O-O b4 12. Bxf6 gxf6 13. Nd5 exd5 14. exd5 Nd7 15. Rhe1 Ne5 16. fxe5 fxe5 17. Nc6 Bxc6 18. dxc6 a5 19. Bd5 Qc8 20. Rf1 O-O 21. Rf5 Kh8 22. Rh5 f5 23. Qh3 Bg5+ 24. Rxg5 a4 25. Rh5 Ra7 26. Rf1 b3 27. Rhxf5 Rxf5 28. Qxf5 Qxf5 29. Rxf5 bxa2 30. Bxa2 Kg7 31. Rf7+ 1-0

[Event "2nd German Women BLS 2024-25"]
[Site "Germany"]
[Date "2025.01.25"]
[Round "3.8"]
[White "Mueller, Riyanna"]
[Black "Bardorz, Jana"]
[Result "0-1"]
[Annotator "NA RC"]
[ECO "C54"]
[WhiteElo "1975"]
[BlackElo "2070"]
[PlyCount "54"]
[EventDate "2025.01.22"]
[EventType "team-tourn"]
[EventCountry "GER"]
[SourceTitle "playchess.com"]
[Source "ChessBase"]
[SourceQuality "1"]
[WhiteTeam "1980 Gernsheim"]
[BlackTeam "Bavaria Regensburg 1881"]
[TimeControl "40/5400+30:1800+30"]

1. e4 e5 2. Nf3 Nc6 3. Bc4 Bc5 4. c3 Nf6 5. d3 d6 6. Nbd2 a6 7. a4 Ba7 8. O-O O-O 9. h3 h6 10. Re1 Be6 11. b4 Re8 12. b5 axb5 13. axb5 Ne7 14. Bxe6 fxe6 15. Bb2 Ng6 16. d4 exd4 17. cxd4 Nh5 18. Ra4 Nhf4 19. Re3 Bb6 20. Nc4 Rxa4 21. Qxa4 Nh4 22. Nxb6 Nfxg2 23. Nxh4 Nxe3 24. fxe3 Qxh4 25. Nc4 Qe1+ 26. Kg2 Qe2+ 27. Kg1 Rf8 0-1

[Event "2nd German Women BLS 2024-25"]
[Site "Germany"]
[Date "2025.01.25"]
[Round "3.9"]
[White "Leuchsenring, Christina"]
[Black "Lukas, Anne"]
[Result "0-1"]
[Annotator "NA RC"]
[ECO "B02"]
[WhiteElo "1905"]
[BlackElo "2016"]
[PlyCount "132"]
[EventDate "2025.01.22"]
[EventType "team-tourn"]
[EventCountry "GER"]
[SourceTitle "playchess.com"]
[Source "ChessBase"]
[SourceQuality "1"]
[WhiteTeam "Bavaria Regensburg 1881"]
[BlackTeam "1980 Gernsheim"]
[TimeControl "40/5400+30:1800+30"]

1. e4 d5 2. exd5 Nf6 3. Nc3 Nxd5 4. Bc4 Nb6 5. Be2 e5 6. Nf3 Nc6 7. O-O Be7 8. Re1 a6 9. d3 O-O 10. Bf1 f6 11. Be3 Bg4 12. h3 Bh5 13. Be2 Bb4 14. a3 Bxc3 15. bxc3 Nd5 16. Bd2 Bf7 17. Rb1 Rb8 18. c4 Nde7 19. Bc3 Nf5 20. Nd2 Nfd4 21. Bf1 b6 22. Be2 Qd7 23. Bf3 Rbe8 24. Bxc6 Nxc6 25. Nb3 Rd8 26. Qc1 Rfe8 27. Bb2 Qf5 28. Qe3 Qg6 29. Qe4 Ne7 30. Qxg6 Nxg6 31. Re3 Ne7 32. Bc3 Nf5 33. Ree1 Nd6 34. Nd2 Rd7 35. f3 Nf5 36. Nb3 Red8 37. Kf2 a5 38. a4 Rd6 39. Nd2 Nd4 40. Bxd4 Rxd4 41. Nb3 R4d6 42. Nc1 Be8 43. Ra1 Kf7 44. Ne2 g6 45. Nc3 Bc6 46. Re3 h5 47. h4 Rg8 48. Rae1 Rd7 49. Ra1 Re8 50. Rae1 Rd4 51. g3 Rd6 52. Nb5 Bxb5 53. cxb5 Rd4 54. Re4 Red8 55. Rxd4 Rxd4 56. Ra1 Ke6 57. Ke3 Rb4 58. Ra3 Kd7 59. Kd2 g5 60. hxg5 fxg5 61. Kc1 h4 62. c3 hxg3 63. Ra2 Rf4 64. Re2 Rxf3 65. Rxe5 g2 66. Rxg5 Rf1+ 0-1

[Event "2nd German Women BLS 2024-25"]
[Site "Germany"]
[Date "2025.01.25"]
[Round "3.10"]
[White "Mueller, Manon"]
[Black "Prinzen, Siri Marleen"]
[Result "0-1"]
[Annotator "NA RC"]
[ECO "D61"]
[WhiteElo "1881"]
[BlackElo "1819"]
[PlyCount "80"]
[EventDate "2025.01.22"]
[EventType "team-tourn"]
[EventCountry "GER"]
[SourceTitle "playchess.com"]
[Source "ChessBase"]
[SourceQuality "1"]
[WhiteTeam "1980 Gernsheim"]
[BlackTeam "Bavaria Regensburg 1881"]
[TimeControl "40/5400+30:1800+30"]

1. d4 d5 2. c4 e6 3. Nf3 Nf6 4. Bg5 Be7 5. e3 O-O 6. Nc3 Nbd7 7. Qc2 b6 8. Bxf6 Nxf6 9. cxd5 Nxd5 10. a3 Bb7 11. Be2 Nxc3 12. Qxc3 Bf6 13. b4 Rc8 14. Rc1 c5 15. bxc5 bxc5 16. Qb2 Qa5+ 17. Qc3 Qxc3+ 18. Rxc3 cxd4 19. Rxc8 Rxc8 20. Kd2 dxe3+ 21. fxe3 Bc3+ 22. Kc2 Be4+ 23. Kb3 Bf6 24. Bc4 Rb8+ 25. Ka4 Bd8 26. Nd4 e5 27. Nb5 a6 28. Bxf7+ Kf8 29. Be6 axb5+ 30. Kb3 Ke7 31. Bh3 Ba5 32. Rd1 Rd8 33. Rxd8 Kxd8 34. g3 Kc7 35. Bf1 Kb6 36. Be2 Kc5 37. h4 Be1 38. g4 Bxh4 39. Bd1 Bf2 40. Be2 Bxe3 0-1

[Event "2nd German Women BLS 2024-25"]
[Site "Germany"]
[Date "2025.01.25"]
[Round "3.11"]
[White "Oberhofer, Marie"]
[Black "Tampe, Friederike"]
[Result "1/2-1/2"]
[Annotator "NA RC"]
[ECO "C90"]
[WhiteElo "1882"]
[BlackElo "1767"]
[PlyCount "82"]
[EventDate "2025.01.22"]
[EventType "team-tourn"]
[EventCountry "GER"]
[SourceTitle "playchess.com"]
[Source "ChessBase"]
[SourceQuality "1"]
[WhiteTeam "Bavaria Regensburg 1881"]
[BlackTeam "1980 Gernsheim"]
[TimeControl "40/5400+30:1800+30"]

1. e4 e5 2. Nf3 Nc6 3. Bb5 a6 4. Ba4 Be7 5. O-O Nf6 6. Re1 b5 7. Bb3 d6 8. c3 O-O 9. d3 h6 10. Nbd2 Bb7 11. Nf1 Re8 12. Ng3 Na5 13. Bc2 c5 14. Nf5 Bf8 15. b3 Rc8 16. c4 b4 17. h3 Nc6 18. Be3 Ne7 19. Nxe7+ Qxe7 20. Nh2 Qd7 21. Qd2 Kh7 22. Bd1 Ra8 23. Ng4 Qe7 24. Nxf6+ Qxf6 25. Rf1 a5 26. Bg4 Bc6 27. f4 Qe7 28. f5 Qb7 29. f6 g6 30. h4 Bd7 31. Be2 Qc8 32. h5 g5 33. a4 Bg4 34. Qd1 Bxe2 35. Qxe2 Re6 36. Rf5 Qd8 37. Raf1 Ra7 38. Qg4 Rb7 39. R5f3 Re8 40. Rg3 Qd7 41. Rf5 Qc8 1/2-1/2

[Event "2nd German Women BLS 2024-25"]
[Site "Germany"]
[Date "2025.01.25"]
[Round "3.12"]
[White "Schardt, Madeleine"]
[Black "Wetzler, Sophia"]
[Result "1/2-1/2"]
[Annotator "NA RC"]
[ECO "D02"]
[WhiteElo "1754"]
[BlackElo "1823"]
[PlyCount "54"]
[EventDate "2025.01.22"]
[EventType "team-tourn"]
[EventCountry "GER"]
[SourceTitle "playchess.com"]
[Source "ChessBase"]
[SourceQuality "1"]
[WhiteTeam "1980 Gernsheim"]
[BlackTeam "Bavaria Regensburg 1881"]
[TimeControl "40/5400+30:1800+30"]

1. d4 d5 2. Nf3 Nf6 3. c3 e6 4. Bf4 Be7 5. Nbd2 c5 6. e3 O-O 7. Bd3 c4 8. Bc2 Nc6 9. a4 Qa5 10. O-O Bd7 11. Ne5 Qd8 12. h3 Be8 13. Ndf3 Nxe5 14. dxe5 Nd7 15. Nd4 Nc5 16. Qg4 Kh8 17. Bg3 Rg8 18. a5 f5 19. exf6 gxf6 20. Qh4 Bg6 21. Bxg6 Rxg6 22. Rfd1 Qd7 23. Ne2 Nd3 24. Nf4 Nxf4 25. Qxf4 e5 26. Qxc4 Rd8 27. Qd3 Qc6 1/2-1/2